 Dungeon Crawl Stone Soup version 0.21.1-1-g345015f (webtiles) character file.

6531 tognito the Severer (level 10, -2/79 HPs)
             Began as a Minotaur Berserker on Apr 23, 2018.
             Was a High Priest of Trog.
             Slain by a seven-headed hydra (8 damage)
             ... on level 2 of the Lair of Beasts.
             The game lasted 00:20:08 (9002 turns).

tognito the Severer (Minotaur Berserker)            Turns: 9002, Time: 00:20:09

Health: -2/79      AC: 16    Str: 25    XL:     10   Next: 69%
Magic:  9/9        EV:  7    Int:  4    God:    Trog [*****.]
Gold:   785        SH:  0    Dex: 10    Spells: 9/9 levels left

rFire    . . .     SeeInvis +   a - +4 battleaxe (freeze)
rCold    . . .     Gourm    .   (shield currently unavailable)
rNeg     . . .     Faith    .   y - +2 plate armour {rPois}
rPois    +         Spirit   .   h - +1 hat
rElec    .         Reflect  .   t - +0 cloak
rCorr    .         Harm     .   (no gloves)
MR       +....     Clarity  +   (no boots)
Stlth    ..........             (no amulet)
HPRegen  0.23/turn              d - ring of see invisible
MPRegen  0.11/turn              w - ring of protection from magic

@: no status effects
A: retaliatory headbutt, horns 2, rugged brown scales 1, clarity
a: Berserk, Trog's Hand, Brothers in Arms, Burn Spellbooks, Renounce Religion


You were on level 2 of the Lair of Beasts.
You worshipped Trog.
Trog was extremely pleased with you.
You were not hungry.

You visited 2 branches of the dungeon, and saw 11 of its levels.

You collected 785 gold pieces.

Inventory:

Hand Weapons
 a - a +4 battleaxe of freezing (weapon)
 b - a +0 arbalest
 z - the +1 battleaxe of Valiance {freeze, +Rage}
   (Trog gifted it to you on level 6 of the Dungeon)

   It has been specially enchanted to freeze those struck by it, causing extra
   injury to most foes and up to half again as much damage against particularly
   susceptible opponents.
   It can also slow down cold-blooded creatures.
   It lets you go berserk.
Missiles
 q - 70 bolts
 r - 58 arrows
Armour
 h - a +1 hat (worn)
 t - a +0 cloak (worn)
 y - a +2 plate armour of poison resistance (worn)
Jewellery
 d - a ring of see invisible (left hand)
 w - a ring of protection from magic (right hand)
Wands
 o - a wand of polymorph (40)
 p - a wand of acid (15)
 A - a wand of disintegration (32)
Scrolls
 e - 7 scrolls of teleportation {unknown}
 f - 9 scrolls of identify
 g - 2 scrolls of fear {unknown}
 i - 2 scrolls of immolation {unknown}
 k - 3 scrolls of amnesia {unknown}
 l - 2 scrolls of remove curse {unknown}
 m - 3 scrolls of enchant armour {unknown}
 v - 2 scrolls of fog {unknown}
 x - a scroll of random uselessness {unknown}
 B - a scroll of magic mapping {unknown}
 C - a scroll of enchant weapon {unknown}
Potions
 j - 2 potions of magic
 n - a potion of resistance
 s - 4 potions of curing
 D - a potion of heal wounds
Comestibles
 c - 25 rations
 u - 14 chunks of flesh


   Skills:
 - Level 3.6 Fighting
 + Level 18.1 Axes
 - Level 2.4 Armour
 - Level 2.1 Dodging


You had 9 spell levels left.
You didn't know any spells.

Dungeon Overview and Level Annotations

Branches:
Dungeon (9/15)             Temple (0/1) D:7            Lair (2/6) D:8
  Swamp: Lair:2-4    Shoals: Lair:2-4     Snake: Lair:2-4    Spider: Lair:2-4
    Orc: D:9-12

Altars:
Ashenzari
Elyvilon
Fedhas
Gozag
Hepliaklqana
Makhleb
Uskayaw


Innate Abilities, Weirdness & Mutations

You reflexively headbutt those who attack you in melee.
You have a pair of horns on your head.
You are partially covered in rugged brown scales. (AC +1, +3% HP)
You possess an exceptional clarity of mind.


Message History

The seven-headed hydra bites you. x3
* * * LOW HITPOINT WARNING * * *
The seven-headed hydra barely misses you.
The seven-headed hydra bites you.
* * * LOW HITPOINT WARNING * * *
You hit the seven-headed hydra.
The seven-headed hydra seems to slow down.
You freeze the seven-headed hydra.
The seven-headed hydra is heavily wounded.
You barely miss the seven-headed hydra. You headbutt the seven-headed hydra!
The seven-headed hydra is heavily wounded.
The seven-headed hydra bites you!
* * * LOW HITPOINT WARNING * * *
The seven-headed hydra barely misses you.
The seven-headed hydra bites you.
* * * LOW HITPOINT WARNING * * *
The seven-headed hydra barely misses you.
The seven-headed hydra bites you but does no damage. x2
The seven-headed hydra bites you!
You die...

##P≈≈.#.....( .....#
≈!≈♣P........
#..P......##........(....
..........................
.........................
##..............(........
P##P....P#.#.....D.........
.#..............@..........
...........................
...........................
..............÷............
...÷.........^.............
....<......................
.##........................
##...............#.......
###............###......


You could see a seven-headed hydra.

Vanquished Creatures
  3 two-headed ogres (D:8)
  Pikel (D:6)
  5 yaks (Lair:2)
  A water moccasin (Lair:1)
  2 slaves (D:6)
  A phantom (D:4)
  2 ice beasts
  8 ogres
  A centaur (D:7)
  2 crocodiles (Lair:1)
  5 big kobolds
  The ghost of elendilve the Sneak, an amateur SpEn (D:3)
  3 bullfrogs
  2 scorpions
  6 wights
  3 howler monkeys
  An electric eel (D:6)
  A crimson imp (D:2)
  An orc priest (D:8)
  2 hounds
  3 jellies
  2 bullfrog skeletons
  4 orc wizards
  2 centaur skeletons
  An iguana (D:6)
  6 worker ants
  A worker ant zombie (D:7)
  15 gnolls
  7 adders
  3 oozes
  3 adder skeletons (D:4)
  2 worms (D:2)
  2 dart slugs
  5 leopard geckos
  36 orcs
  2 ball pythons
  13 bats
  4 giant cockroaches
  38 goblins
  33 hobgoblins
  10 jackals
  20 kobolds
  4 quokkas
  6 frilled lizards
  A jackal zombie (D:7)
  A leopard gecko zombie (D:5)
  11 rats
286 creatures vanquished.

Vanquished Creatures (others)
  An ooze (D:6)
  A goblin (D:6)
  A hobgoblin (D:6)
3 creatures vanquished.

Grand Total: 289 creatures vanquished

Notes
Turn   | Place    | Note
-------+----------+-------------------------------------------
     0 | D:1      | tognito the Minotaur Berserker began the quest for the Orb.
     0 | D:1      | Reached XP level 1. HP: 19/19 MP: 0/0
    61 | D:1      | Reached skill level 4 in Axes
    94 | D:1      | Reached XP level 2. HP: 21/26 MP: 1/1
   401 | D:1      | Reached skill level 5 in Axes
   403 | D:1      | Reached ** piety under Trog
   618 | D:1      | Reached XP level 3. HP: 31/31 MP: 2/2
  1101 | D:2      | Reached skill level 6 in Axes
  1101 | D:2      | Reached XP level 4. HP: 39/39 MP: 3/3
  1281 | D:2      | Found a hide-covered altar of Uskayaw.
  1319 | D:2      | Gained mutation: You possess an exceptional clarity of mind. [potion of mutation]
  1319 | D:2      | Gained mutation: You are partially covered in rugged brown scales. (AC +1, +3% HP) [potion of mutation]
  1381 | D:2      | Reached XP level 5. HP: 46/46 MP: 4/4
  1400 | D:2      | Reached skill level 7 in Axes
  1853 | D:3      | Reached *** piety under Trog
  2036 | D:3      | Reached skill level 8 in Axes
  2042 | D:3      | Reached XP level 6. HP: 40/52 MP: 5/5
  2087 | D:3      | Noticed elendilve's ghost (amateur SpEn)
  2103 | D:3      | Killed elendilve's ghost
  2103 | D:3      | Reached skill level 9 in Axes
  2425 | D:3      | Reached **** piety under Trog
  2850 | D:4      | Reached XP level 7. HP: 44/58 MP: 6/6
  2870 | D:4      | Reached skill level 10 in Axes
  3498 | D:5      | Entered Level 5 of the Dungeon
  3510 | D:4      | Reached skill level 11 in Axes
  3511 | D:4      | Reached XP level 8. HP: 55/65 MP: 7/7
  3737 | D:5      | Found a white marble altar of Elyvilon.
  3824 | D:5      | Reached skill level 12 in Axes
  4479 | D:6      | Noticed Pikel
  4491 | D:6      | Killed Pikel
  4491 | D:6      | Reached skill level 13 in Axes
  4526 | D:6      | Reached XP level 9. HP: 52/72 MP: 8/8
  4786 | D:6      | Found an opulent altar of Gozag.
  5297 | D:6      | Reached skill level 14 in Axes
  5544 | D:6      | Reached ***** piety under Trog
  5890 | D:6      | Received a gift from Trog
  5893 | D:6      | Got a brightly glowing battleaxe {god gift}
  5894 | D:6      | Identified the +1 battleaxe of Valiance {freeze, +Rage} (Trog gifted it to you on level 6 of the Dungeon)
  6700 | D:7      | Reached skill level 15 in Axes
  6875 | D:7      | Found a staircase to the Ecumenical Temple.
  7014 | D:8      | Noticed a two-headed ogre
  7020 | D:8      | Noticed a two-headed ogre
  7021 | D:8      | Killed a two-headed ogre
  7021 | D:8      | Reached skill level 16 in Axes
  7030 | D:8      | Killed a two-headed ogre
  7030 | D:8      | Reached XP level 10. HP: 54/79 MP: 9/9
  7433 | D:8      | Noticed a two-headed ogre
  7442 | D:8      | Killed a two-headed ogre
  7442 | D:8      | Reached skill level 17 in Axes
  7854 | D:8      | Found a hazy altar of Hepliaklqana.
  7857 | D:8      | Found a burning altar of Makhleb.
  7860 | D:8      | Found a blossoming altar of Fedhas.
  7912 | D:8      | Found a shattered altar of Ashenzari.
  7947 | D:8      | Found a staircase to the Lair.
  8256 | Lair:1   | Entered Level 1 of the Lair of Beasts
  8967 | Lair:2   | Reached skill level 18 in Axes
  8994 | Lair:2   | Noticed a six-headed hydra
  9002 | Lair:2   | Slain by a seven-headed hydra

Skill      XL: |  1  2  3  4  5  6  7  8  9 10 |
---------------+-------------------------------+-----
Axes           | 4 5 6 8 9 11 13 16 18 | 18.1
Fighting       | |  3.6
Armour         | |  2.4
Dodging        | |  2.1

Action                   |  1- 3 |  4- 6 |  7- 9 | 10-12 || total
-------------------------+-------+-------+-------+-------++-------
Melee: Hand axe          |    71 |    72 |       |       ||   143
       Headbutt          |    10 |    25 |    33 |    14 ||    82
       War axe           |       |    72 |   191 |       ||   263
       Battleaxe         |       |       |    43 |    59 ||   102
 Fire: Arbalest          |       |       |    87 |    47 ||   134
Invok: Berserk           |     1 |     2 |     1 |       ||     4
       Burn Spellbooks   |       |       |     4 |     1 ||     5
  Use: Potion            |     4 |     4 |     3 |     2 ||    13
       Scroll            |       |       |     1 |       ||     1
 Stab: Sleeping          |     1 |     2 |       |       ||     3
  Eat: Chunk             |     1 |     8 |    14 |     7 ||    30
Armor: Animal skin       |    11 |    18 |       |       ||    29
       Scale mail        |       |     7 |       |       ||     7
       Chain mail        |       |    17 |   155 |       ||   172
       Ring mail         |       |     4 |       |       ||     4
       Plate armour      |       |       |    10 |    44 ||    54
Dodge: Dodged            |    37 |    83 |   121 |    32 ||   273
